 Dungeon Crawl Stone Soup version 0.28-a0-1567-g1695149f81 (webtiles) character file.

Game seed: 16085506760999287166

10884 HallandMoats the Slinger (level 11, -1/91 HPs)
             Began as a Ghoul Monk on Jan 19, 2022.
             Was a Priest of Cheibriados.
             Slain by a minotaur (11 damage)
             ... in a Gauntlet.
             The game lasted 00:21:22 (11735 turns).

HallandMoats the Slinger (Ghoul Monk)              Turns: 11735, Time: 00:21:22

Health: -1/91      AC: 17    Str: 29 (30) XL:     11   Next: 69%
Magic:  14/16      EV: 14    Int: 12 (13) God:    Cheibriados [***...]
Gold:   454        SH:  6    Dex: 19 (21) Spells: 10/10 levels left

rFire   + . .      SeeInvis +   a - +6 whip of Ignis's Reproof {flame, rC+ Str+4}
rCold   + + .      Faith    .   j - +0 buckler
rNeg    + + +      Spirit   .   l - +3 plate armour "Qanaum" {rPois rF+ Will++}
rPois   ∞          Reflect  .   q - +0 helmet
rElec   .          Harm     .   (no cloak)
rCorr   .          Rampage  .   (no gloves)
Will    ++...      NoTele   +   c - +0 pair of boots
Stlth   ..........              p - amulet of regeneration
HPRegen 0.00/turn               k - ring of see invisible
MPRegen 0.15/turn               n - +4 ring of evasion

@: inhibited regen, very slow
A: claws 1, cold resistance 1, negative energy resistance 3, inhibited
regeneration, torment resistance 2
a: Renounce Religion, Bend Time, Temporal Distortion


You were in a Gauntlet.
You worshipped Cheibriados.
Cheibriados was most pleased with you.
You visited 2 branches of the dungeon, and saw 12 of its levels.
You also visited: Gauntlet.

You collected 469 gold pieces.
You spent 15 gold pieces at shops.

Inventory:

Hand Weapons
 a - the +6 whip of Ignis's Reproof (weapon) {flame, rC+ Str+4}
   (You found it on level 6 of the Dungeon)

   It burns those it strikes, dealing additional fire damage.
   Str:       It affects your strength (+4).
   rC:        It protects you from cold.
 b - a +0 hunting sling
 i - the +9 shortbow "Arub" {venom, rN+}
   (You found it in a Gauntlet)

   Any ammunition fired from it poisons the flesh of those it strikes.
   rN:        It protects you from negative energy.
Missiles
 f - 263 stones (quivered)
Armour
 c - a +0 pair of boots (worn)
 j - a +0 buckler (worn)
 l - the +3 plate armour "Qanaum" (worn) {rPois rF+ Will++}
   (You found it on level 2 of the Dungeon)

   rF:        It protects you from fire.
   rPois:     It protects you from poison.
   Will:      It greatly increases your willpower.
 q - a +0 helmet (worn)
Jewellery
 e - the amulet "Meowkuli" {Regen+ Str+3}
   (You found it in a Gauntlet)

   [amulet of regeneration]

   Str:       It affects your strength (+3).
   Regen:     It increases your rate of health regeneration.
 k - a ring of see invisible (left claw)
 n - a +4 ring of evasion (right claw)
 p - an amulet of regeneration (around neck)
 x - a ring of flight
 z - the amulet "Tuol" {Faith Rampage}
   (You found it in a Gauntlet)

   [amulet of faith]

   It allows you to gain divine favour quickly.
   Rampage:   It bestows one free step when moving towards enemies.
   Cheibriados disapproves of the use of such an item.
Wands
 r - a wand of polymorph (10)
 t - a wand of charming (12)
 y - a wand of digging (2)
Scrolls
 d - 2 scrolls of fog
 m - a scroll of teleportation
 s - a scroll of enchant weapon
 v - 2 scrolls of amnesia
Potions
 h - 2 potions of brilliance


   Skills:
 + Level 6.8 Fighting
 * Level 7.3 Maces & Flails
 + Level 9.2 Slings
 + Level 4.7 Armour
 + Level 5.6 Dodging
 - Level 2.1 Stealth
 - Level 4.3 Shields
 + Level 8.7 Invocations


You had 10 spell levels left.
You didn't know any spells.
Your spell library contained the following spells:

 Spells                   Type           Power      Damage    Failure   Level
 Sandblast                Erth           0%         2d4       99%         1
 Passwall                 Tmut/Erth      0%         N/A       100%        2
 Scorch                   Fire           0%         2d5       100%        2
 Stone Arrow              Conj/Erth      0%         3d7       100%        3
 Tukima's Dance           Hex            0%         N/A       100%        3
 Anguish                  Hex/Necr       0%         N/A       100%        4
 Animate Armour           Summ/Erth      0%         N/A       100%        4
 Flame Wave               Conj/Fire      0%         2d4       100%        4
 Olgreb's Toxic Radiance  Pois           0%         N/A       100%        4
 Alistair's Intoxication  Tmut/Pois      0%         N/A       100%        5
 Borgnjor's Vile Clutch   Necr/Erth      0%         N/A       100%        5
 Eringya's Noxious Bog    Tmut/Pois      0%         N/A       100%        6
 Summon Cactus Giant      Summ           0%         N/A       100%        6
 Enfeeble                 Hex            0%         N/A       100%        7
 Ozocubu's Refrigeration  Ice            0%         4d5       100%        7
 Ignition                 Fire           0%         3d3       100%        8
 Lehudib's Crystal Spear  Conj/Erth      0%         10d2      100%        8


Dungeon Overview and Level Annotations

Branches:
Dungeon (11/15)            Temple (1/1) D:7            Lair (0/6) D:9
Gauntlet (1/1)
    Orc: D:9-12

Altars:
Ashenzari
Cheibriados
Dithmenos
Elyvilon
Fedhas
Gozag
Hepliaklqana
Kikubaaqudgha
Makhleb
Nemelex Xobeh
Okawaru
Qazlal
Ru
Sif Muna
Trog
Uskayaw
Vehumet
Wu Jian
Yredelemnul
Zin
The Shining One

Shops:
D:1 =   D:2 (   D:7 *   D:11 !

Annotations:
Gauntlet 10 transporters


Innate Abilities, Weirdness & Mutations

You thrive by killing the living.
You are immune to poison.
You have sharp fingernails.
Your flesh is cold resistant. (rC+)
You are immune to negative energy. (rN+++)
You do not regenerate when monsters are visible.
You are immune to unholy pain and torment.


Message History

The minotaur hits you with the +7 Spriggan's Knife {stab, EV+4 Stlth+}.
The minotaur gores you. The minotaur blocks your attack.
The minotaur hits you with the +7 Spriggan's Knife {stab, EV+4 Stlth+}.
The minotaur gores you but does no damage.
The minotaur blocks your attack. The minotaur blocks your attack.
The minotaur hits you with the +7 Spriggan's Knife {stab, EV+4 Stlth+}!
* * * LOW HITPOINT WARNING * * *
The minotaur gores you but does no damage.
The minotaur blocks your attack.
You hit the minotaur but do no damage. You block the minotaur's attack. x2
You feel better. You block the minotaur's attack.
The minotaur completely misses you.
You feel better.
You feel better.
The minotaur hits you with the +7 Spriggan's Knife {stab, EV+4 Stlth+}.
The minotaur gores you but does no damage.
The minotaur blocks your attack.
The minotaur is no longer moving slowly.
The minotaur hits you with the +7 Spriggan's Knife {stab, EV+4 Stlth+}!
The minotaur gores you but does no damage.
You whack the minotaur! You burn the minotaur.
The minotaur is moderately wounded.
You hit the minotaur but do no damage.
The minotaur is moderately wounded.
The minotaur hits you but does no damage.
The minotaur gores you!
* * * LOW HITPOINT WARNING * * *
The minotaur blocks your attack.
The minotaur is moderately wounded.
The minotaur hits you with the +7 Spriggan's Knife {stab, EV+4 Stlth+}!
* * * LOW HITPOINT WARNING * * *
The minotaur gores you.
* * * LOW HITPOINT WARNING * * *
The minotaur blocks your attack.
The minotaur is moderately wounded.
The minotaur hits you but does no damage.
The minotaur gores you!
You die...

##+### #.⌠..#
#...⌠+ +⌠... ..∩
#H#
#######@#######
#.............#
#.###.###.###.#
#.............#
###.###.###.###
###.###.###.#####
≈...............≈#
###
8.8.8.8.8.8.8.8.8#
### #8#
≈...............≈#
#8#


You could see a minotaur.

Vanquished Creatures
  A dire elephant (Gauntlet)
  A hydra (D:9)
  3 two-headed ogres
  Nergalle (D:11)
  An elephant (Gauntlet)
  An ice statue (Gauntlet)
  2 rime drakes (Gauntlet)
  A komodo dragon (D:9)
  A troll (D:9)
  2 hornets
  11 yaks
  2 wyverns (D:10)
  A basilisk (D:11)
  A steam dragon (D:6)
  A water moccasin (D:7)
  2 ice beasts
  2 sky beasts
  2 orc warriors
  A black bear (D:6)
  2 necrophages
  3 ogres
  2 centaurs (D:10)
  A kobold brigand (D:9)
  A bullfrog (D:9)
  3 scorpions
  A water moccasin zombie (D:6)
  A gnoll sergeant (D:7)
  2 wights (D:9)
  3 jellies
  A howler monkey (D:6)
  A bullfrog zombie (D:7)
  A centaur zombie (D:9)
  A gnoll shaman (D:3)
  A centaur skeleton (D:5)
  4 hounds
  2 orc priests
  3 iguanas
  4 orc wizards
  A killer bee zombie (D:9)
  4 small abominations (Gauntlet)
  A hound zombie (D:5)
  A hound skeleton (D:5)
  A mummy (D:9)
  2 howler monkey zombies (D:9)
  Robin (D:4)
  22 gnolls
  2 adders
  A shadow imp (D:5)
  A white imp (D:8)
  2 ufetubi (D:7)
  An adder skeleton (D:4)
  A worm (D:2)
  2 dart slugs (D:2)
  7 orcs
  8 endoplasms
  4 giant cockroaches
  11 goblins
  9 hobgoblins
  6 quokkas
  9 ball pythons
  5 bats
  A frilled lizard (D:2)
  14 kobolds
191 creatures vanquished.

Vanquished Creatures (others)
  A human (D:4)
  4 plants
  26 withered plants
31 creatures vanquished.

Grand Total: 222 creatures vanquished

Notes
Turn   | Place    | Note
-------+----------+-------------------------------------------
     0 | D:1      | HallandMoats the Ghoul Monk began the quest for the Orb.
     0 | D:1      | Reached XP level 1. HP: 19/19 MP: 0/0
   227 | D:1      | Found Meunuj's Jewellery Shoppe.
   303 | D:1      | Found a faded altar of an unknown god.
   323 | D:1      | Prayed at the altar of an unknown god.
   323 | D:1      | Became a worshipper of Cheibriados the Contemplative
   323 | D:1      | Reached * piety under Cheibriados
   323 | D:1      | Reached ** piety under Cheibriados
   417 | D:1      | Reached XP level 2. HP: 26/26 MP: 1/1
   524 | D:1      | Reached *** piety under Cheibriados
   876 | D:2      | Reached XP level 3. HP: 30/31 MP: 2/2
   898 | D:2      | Reached skill level 1 in Invocations
   907 | D:2      | Found Utastolau's Weapon Shop.
  1181 | D:2      | Identified the +3 plate armour "Qanaum" {rPois rF+ Will++}
  1258 | D:2      | Reached skill level 1 in Armour
  1978 | D:2      | Bought a +0 hunting sling for 15 gold pieces
  2263 | D:3      | Reached XP level 4. HP: 38/39 MP: 4/4
  2266 | D:3      | Reached skill level 1 in Slings
  2269 | D:3      | Reached **** piety under Cheibriados
  2905 | D:3      | Reached skill level 2 in Slings
  2905 | D:3      | Reached XP level 5. HP: 28/45 MP: 1/5
  3131 | D:4      | Noticed a necrophage
  3145 | D:4      | Killed a necrophage
  3146 | D:4      | Reached skill level 3 in Slings
  3146 | D:4      | Reached XP level 6. HP: 48/51 MP: 7/7
  3181 | D:4      | Noticed Robin
  3503 | D:4      | Killed Robin
  3800 | D:4      | Reached skill level 4 in Slings
  3901 | D:4      | Reached XP level 7. HP: 57/57 MP: 7/9
  3935 | D:4      | Found an ancient bone altar of Kikubaaqudgha.
  3939 | D:4      | Noticed a human
  3944 | D:4      | Killed a human
  4434 | D:5      | Entered Level 5 of the Dungeon
  4652 | D:5      | Reached skill level 5 in Slings
  4769 | D:5      | Reached skill level 5 in Invocations
  4945 | D:5      | Found a hazy altar of Hepliaklqana.
  4986 | D:5      | Reached ***** piety under Cheibriados
  5003 | D:5      | Reached XP level 8. HP: 64/64 MP: 10/10
  5256 | D:5      | Reached skill level 6 in Slings
  5867 | D:6      | Reached skill level 7 in Slings
  5910 | D:6      | Identified the +6 whip of Ignis's Reproof {flame, rC+
                  | Str+4}
  6398 | D:7      | Reached XP level 9. HP: 71/71 MP: 11/13
  6424 | D:7      | Found a staircase to the Ecumenical Temple.
  6447 | D:7      | Reached skill level 1 in Shields
  6610 | D:7      | Noticed an eight-headed hydra
  6637 | Temple   | Entered the Ecumenical Temple
  7455 | D:7      | Reached skill level 8 in Slings
  7489 | D:7      | Found Cyotoihu's Assorted Antiques.
  7853 | D:8      | Noticed a hornet
  7868 | D:8      | Killed a hornet
  8116 | D:8      | Noticed an eight-headed hydra
  8362 | D:9      | Noticed a two-headed ogre
  8374 | D:9      | Killed a two-headed ogre
  8407 | D:9      | Reached XP level 10. HP: 42/80 MP: 7/14
  8466 | D:9      | Noticed a four-headed hydra
  8484 | D:9      | HP: 2/80 [four-headed hydra (12)]
  8485 | D:9      | Killed a four-headed hydra
  8486 | D:9      | Reached skill level 5 in Fighting
  9045 | D:9      | Reached skill level 5 in Maces & Flails
  9364 | D:9      | Found a sacrificial altar of Ru.
  9451 | D:9      | Found a staircase to the Lair.
  9722 | D:10     | Entered Level 10 of the Dungeon
  9768 | D:10     | Noticed a two-headed ogre
 10304 | D:10     | Killed a two-headed ogre
 10305 | D:10     | Reached XP level 11. HP: 56/89 MP: 16/16
 10350 | D:10     | Reached skill level 5 in Dodging
 10615 | D:11     | Found Tufeysets's Distillery.
 10738 | D:11     | Reached skill level 9 in Slings
 10801 | D:11     | Noticed Nergalle
 10822 | D:11     | Killed Nergalle
 10858 | D:11     | Found a gate leading to a gauntlet.
 10861 | D:11     | Noticed a two-headed ogre
 10868 | D:11     | Killed a two-headed ogre
 10871 | Gauntlet | Entered a Gauntlet
 10871 | Gauntlet | Found a transporter.
 10871 | Gauntlet | Found a transporter.
 10893 | Gauntlet | Found a transporter.
 10908 | Gauntlet | Found a transporter.
 10910 | Gauntlet | Noticed a balrug
 10910 | Gauntlet | Noticed a moth of wrath
 10929 | Gauntlet | Found a transporter.
 10938 | Gauntlet | Found a transporter.
 10944 | Gauntlet | Noticed a cacodemon
 11022 | Gauntlet | Found a transporter.
 11037 | Gauntlet | Found a transporter.
 11041 | Gauntlet | Noticed a dire elephant
 11059 | Gauntlet | Found a transporter.
 11066 | Gauntlet | Found a transporter.
 11070 | Gauntlet | Noticed a thrashing horror
 11143 | Gauntlet | Found a transporter.
 11153 | Gauntlet | Found a transporter.
 11163 | Gauntlet | Found a transporter.
 11163 | Gauntlet | Found a transporter.
 11187 | Gauntlet | Found a transporter.
 11197 | Gauntlet | Found a transporter.
 11312 | Gauntlet | Identified the +9 shortbow "Arub" {venom, rN+}
 11378 | Gauntlet | Identified the amulet "Tuol" {Faith Rampage}
 11409 | Gauntlet | Killed a dire elephant
 11503 | Gauntlet | Identified the amulet "Meowkuli" {Regen+ Str+3}
 11709 | Gauntlet | Noticed a minotaur
 11735 | Gauntlet | Slain by a minotaur

Illustrated notes

Levels and vault maps discovered:
D:1:      sevenhm_arrival_forest_fort_small_6, layout_loops_ring, serial_shops,
          nicolae_shop_hallway_stairs, chequers_ecumenical_altar_simple_redux
D:2:      layout_loops_ring, serial_shops, nicolae_shop_bloodbath_and_beyond,
          serial_glass, glass_columns_a, glass_columns_a, glass_columns_b,
          glass_columns_c, glass_columns_a, glass_columns_b, glass_columns_b,
          glass_columns_a
D:3:      layout_basic, chequers_serial_rivers_small_a,
          minmay_misc_feat_four_crosses
D:4:      layout_gridville, tgw_kikubaaqudgha, serial_bayou_lagoon_b, uniq_robin
D:5:      layout_gridville, nicolae_hepliaklqana_hippocampus, minivault_4,
          kennysheep_flooded_box
D:6:      layout_cave_pools
D:7:      layout_layer_cave, minmay_temple_entry_statues, serial_shops,
          shop_statue
D:8:      layout_basic, xom_teletrap_fun, minmay_shop_grid_forest
D:9:      layout_cave_pools, nicolae_ru_great_annihilating_truth,
          david_lair_shrubbed, serial_undead, serial_undead_c, serial_undead_b,
          serial_undead_f, serial_undead_a
D:10:     layout_cave_pods
D:11:     layout_grid_maze, serial_shops, nicolae_stop_n_shop_2,
          gauntlet_entry_generic, minmay_misc_feat_alley, uniq_nergalle
Temple:   regret_index_temple_mists
Gauntlet: gammafunk_gauntlet_branching [nicolae_gauntlet_arena_t_cross,
          gammafunk_gauntlet_arena_crates, gammafunk_gauntlet_arena_split_x,
          gammafunk_gauntlet_arena_hedges, gammafunk_gauntlet_arena_open,
          gammafunk_gauntlet_arena_chambers, gammafunk_gauntlet_arena_grid,
          nicolae_gauntlet_swirl, gauntlet_exit_hidden_loot]

Skill      XL: |  1  2  3  4  5  6  7  8  9 10 11 |
---------------+----------------------------------+-----
Maces & Flails | 3 4 6 7 |  7.3
Invocations    | 1 2 3 4 5 6 7 8 |  8.7
Dodging        | 3 4 5 |  5.6
Armour         | 1 2 3 4 |  4.7
Slings         | 2 3 4 5 7 8 9 |  9.2
Shields        | 3 4 |  4.3
Fighting       | 4 5 6 |  6.8
Stealth        | |  2.1

Action                   |  1- 3 |  4- 6 |  7- 9 | 10-12 || total
-------------------------+-------+-------+-------+-------++-------
Melee: Mace              |    94 |    28 |       |       ||   122
       Whip              |       |       |    57 |   284 ||   341
 Fire: Hunting sling     |    11 |   166 |   396 |     9 ||   582
Invok: Bend Time         |     1 |       |     1 |     3 ||     5
       Temporal Distorti |       |     1 |     3 |     1 ||     5
       Slouch            |       |       |     4 |     3 ||     7
  Use: Scroll            |     6 |       |     5 |     5 ||    16
       Potion            |       |     3 |     1 |     8 ||    12
 Stab: Sleeping          |     1 |       |       |       ||     1
Armor: Scale mail        |    30 |       |       |       ||    30
       Robe              |     1 |       |       |       ||     1
       Plate armour      |    26 |   126 |   157 |   107 ||   416
Dodge: Dodged            |    63 |    75 |   187 |   188 ||   513
Block: Buckler           |    15 |    48 |    88 |    90 ||   241

Table legend: (Time is in decaauts)
 A = Elapsed time spent in this place.
 B = Non-inter-level travel time spent in this place.
 C = Inter-level travel time spent in this place.
 D = Time resting spent in this place.
 E = Time spent auto-exploring this place.
 F = Levels seen in this place.
 G = Mean time per level.
                   A        B        C        D        E       F      G
               +--------+--------+--------+--------+--------+-----+--------+
         Total |  16638 |  16069 |    569 |   1003 |  12349 |  13 | 1279.8 |
       Dungeon |  14919 |  14350 |    569 |    784 |  11353 |  11 | 1356.3 |
        Temple |    515 |    515 |      0 |      0 |    417 |   1 |  515.0 |
      Gauntlet |   1203 |   1203 |      0 |    219 |    578 |   1 | 1203.0 |
               +--------+--------+--------+--------+--------+-----+--------+

Top non-repeatable levels by time:
     D:9: 2032 daAuts
     D:3: 1744 daAuts
     D:4: 1728 daAuts
     D:5: 1678 daAuts
     D:2: 1625 daAuts
    D:10: 1451 daAuts
     D:7: 1407 daAuts
     D:1: 1210 daAuts
Gauntlet: 1203 daAuts
     D:6: 1113 daAuts
     D:8: 532 daAuts
  Temple: 515 daAuts
    D:11: 394 daAuts
